 Dungeon Crawl Stone Soup version 0.27-a0-1347-gd8886f0a89 (webtiles) character file.

Game seed: 7988750041917083325

2 Brandom the Sneak (level 1, 0/18 HPs)
             Began as a Human Delver on June 27, 2021.
             Slain by a hound (5 damage)
             ... on level 5 of the Dungeon.
             The game lasted 00:00:43 (38 turns).

Brandom the Sneak (Human Delver)                      Turns: 38, Time: 00:00:43

Health: 0/18       AC:  3    Str: 12    XL:     1   Next: 33%
Magic:  1/1        EV: 12    Int: 10    God:
Gold:   0          SH:  0    Dex: 14    Spells: 0/0 levels left

rFire    . . .     SeeInvis .   a - +0 mace
rCold    . . .     Faith    .   (no shield)
rNeg     . . .     Spirit   .   b - +0 leather armour
rPois    .         Reflect  .   (no helmet)
rElec    .         Harm     .   (no cloak)
rCorr    .         Rampage  .   (no gloves)
Will     .....                  (no boots)
Stlth    +++.......             (no amulet)
HPRegen  0.06/turn              (no ring)
MPRegen  0.07/turn              (no ring)

@: marked, hasted, very quick
A: no striking features
a: no special abilities


You were on level 5 of the Dungeon.
You visited 1 branch of the dungeon, and saw 1 of its levels.

Inventory:

Hand Weapons
 a - a +0 mace (weapon)
Armour
 b - a +0 leather armour (worn)
Wands
 v - a wand of digging (3)
Scrolls
 c - a scroll of fog
 d - a scroll of magic mapping
 e - a scroll of fear


   Skills:
 * Level 3.0 Fighting
 * Level 2.0 Maces & Flails
 + Level 0.1 Armour
 + Level 2.0 Dodging
 - Level 5.0 Stealth


You couldn't memorise any spells.
You didn't know any spells.
Your spell library was empty.

Dungeon Overview and Level Annotations

Branches:
Dungeon (5/15)
 Temple: D:4-7

Altars:

Annotations:
D:5 Blork the orc, Menkaure


Message History

You hit the orc. The orc barely misses you.
You hit the orc.
You kill the orc!
No target in view!
No target in view! 2 orcs and 2 orc wizards come into view.
Found 7 gold pieces.
Things that are here:
a +0 trident; an orc corpse
Found an escape hatch in the floor.
You set off the alarm!
A sentinel's mark forms upon you.
You hear a shout! x9; You hear an angry hiss.
You hear a bark!
You hear an angry hiss.
You hear a shout!
You hear an angry hiss.
You hear a bark!
You hear an angry hiss.
An orc comes into view. It is wielding a +0 dagger.
A quokka comes into view.
An orc comes into view. It is wielding a +0 whip.
An orc comes into view. It is wielding a +0 club.
An orc comes into view. It is wielding a +0 club.
An orc comes into view. It is wielding a +0 flail.
A scorpion comes into view.
An orc comes into view. It is wielding a +0 club.
An orc priest comes into view. It is wielding a +0 short sword.
You feel yourself speed up.
The orc wizard casts a spell.
The orc wizard flickers and vanishes!
Deactivating autopickup; reactivate with Ctrl-A.
The orc barely misses you. The quokka closely misses you.
A hound comes into view.
The quokka barely misses you.
The orc priest calls down the wrath of Beogh upon you.
Pain shoots through your body!
Ouch! That really hurt!
* * * LOW HITPOINT WARNING * * *
The quokka bites you.
* * * LOW HITPOINT WARNING * * *
Menkaure, Prince of Dust comes into view.
An adder comes into view.
The orc priest miscasts a cantrip.
Unknown command.
The orc barely misses you.
Unknown command.
The orc wizard gestures wildly while chanting.
The orc wizard flickers and vanishes!
Unknown command.
Unknown command.
Blork the orc comes into view.
He is wielding a +0 vorpal battleaxe.
The hound bites you.
You die...

#.. # .... .# #.... ..
.....#######o#
.......#.....##.#
.....#..@........
...#...oh######.#
#......o#######.#..
##.....r.....o.M....
#....oo....o..{.. .o
##.##.....o##....# o$
...##So.......##.# o###
............###.# o.#
o..##.........##.######.##


You could see Blork the orc, a hound, an orc priest, an adder, 4 orcs and a
quokka.

Vanquished Creatures
  An orc (D:5)
1 creature vanquished.

Notes
Turn   | Place    | Note
-------+----------+-------------------------------------------
     0 | D:5      | Brandom the Human Delver began the quest for the Orb.
     0 | D:5      | Reached XP level 1. HP: 18/18 MP: 1/1
    11 | D:5      | Noticed an orc wizard
    11 | D:5      | Noticed an orc wizard
    27 | D:5      | Noticed a scorpion
    28 | D:5      | Noticed an orc priest
    29 | D:5      | Noticed a hound
    32 | D:5      | Noticed Menkaure
    37 | D:5      | Noticed Blork the orc
    38 | D:5      | Slain by a hound

Illustrated notes

Levels and vault maps discovered:
D:5:      layout_rooms, chequers_serial_rivers_large_b, eino_curves_03,
          grunt_ministairs_12, hex_medium, uniq_blork_the_orc, uniq_menkaure

Action                   || total
-------------------------++-------
Melee: Mace              ||     2
  Use: Potion            ||     1
 Stab: Sleeping          ||     1
Dodge: Dodged            ||     5

Table legend: (Time is in decaauts)
 A = Elapsed time spent in this place.
 B = Non-inter-level travel time spent in this place.
 C = Inter-level travel time spent in this place.
 D = Time resting spent in this place.
 E = Time spent auto-exploring this place.
 F = Levels seen in this place.
 G = Mean time per level.
                   A        B        C        D        E       F      G
               +--------+--------+--------+--------+--------+-----+--------+
         Total |     35 |     35 |      0 |      0 |      5 |   1 |   35.0 |
       Dungeon |     35 |     35 |      0 |      0 |      5 |   1 |   35.0 |
               +--------+--------+--------+--------+--------+-----+--------+

Top non-repeatable levels by time:
     D:5: 35 daAuts
